 Dungeon Crawl Stone Soup version 0.26.0-8-g74fc34ddfb (webtiles) character file.

Game seed: 5798925713479609251

111 ythm the Chopper (level 4, -3/42 HPs)
             Began as a Gargoyle Fighter on Jan 12, 2021.
             Killed from afar by Sigmund (5 damage)
             ... with a puff of flame
             ... on level 2 of the Dungeon.
             The game lasted 00:02:13 (1689 turns).

ythm the Chopper (Gargoyle Fighter)                 Turns: 1689, Time: 00:02:14

Health: -3/42      AC:  9    Str: 21    XL:     4   Next: 92%
Magic:  4/4        EV:  8    Int:  8    God:
Gold:   80         SH:  9    Dex:  9    Spells: 3/3 levels left

rFire    . . .     SeeInvis +   a - +0 war axe
rCold    . . .     Faith    .   c - +0 kite shield
rNeg     + . .     Spirit   .   m - +0 ring mail
rPois    ∞         Reflect  .   (no helmet)
rElec    +         Harm     .   (no cloak)
rCorr    .         Rampage  .   (no gloves)
Will     .....                  (no boots)
Stlth    ..........             (no amulet)
HPRegen  0.14/turn              h - ring of see invisible
MPRegen  0.09/turn              j - ring of stealth

@: mighty, berserking, very quick
A: negative energy resistance 1, electricity resistance, unbreathing,
petrification resistance, miasma immunity, AC +3
a: no special abilities


You were on level 2 of the Dungeon.
You visited 1 branch of the dungeon, and saw 2 of its levels.

You collected 80 gold pieces.

Inventory:

Hand Weapons
 a - a +0 war axe (weapon)
Armour
 b - a +0 scale mail
 c - a +0 kite shield (worn)
 m - a +0 ring mail (worn)
Jewellery
 h - a ring of see invisible (left hand)
 j - a ring of stealth (right hand)
Scrolls
 e - 3 scrolls of teleportation {unknown}
 f - 4 scrolls of identify {unknown}
 k - 3 scrolls of remove curse {unknown}
 l - a scroll of fear {unknown}
 n - a scroll of enchant armour {unknown}
Potions
 i - a potion of brilliance {unknown}
 o - a potion of attraction {unknown}


   Skills:
 - Level 3.2 Fighting
 + Level 4.5 Axes
 - Level 3.2 Armour
 - Level 3.2 Shields


You had 3 spell levels left.
You didn't know any spells.
Your spell library was empty.

Dungeon Overview and Level Annotations

Branches:
Dungeon (2/15)

Altars:

Annotations:
D:2 1 runed translucent door, Crazy Yiuf, Sigmund


Innate Abilities, Weirdness & Mutations

You are resistant to torment.
Your stone body is resilient. (AC +3)
You are immune to poison.
You resist negative energy. (rN+)
You are resistant to electric shocks. (rElec)
You can survive without breathing.
You are immune to petrification.
You are immune to miasma.


Message History

You feel yourself moving faster!
You feel mighty!
You barely miss Sigmund. Sigmund hits you with a +0 scythe.
* * * LOW HITPOINT WARNING * * *
Unknown command.
You completely miss Sigmund. You block Sigmund's attack.
Unknown command.
You closely miss Sigmund.
Unknown command.
You slice Sigmund!!
Sigmund is severely wounded.
Sigmund hits you with a +0 scythe!
* * * LOW HITPOINT WARNING * * *
Unknown command.
You closely miss Sigmund.
Sigmund is severely wounded.
Unknown command.
You closely miss Sigmund.
Sigmund is severely wounded.
Sigmund zaps a wand.
The puff of flame hits you.
You die...

.# ## ## .#... .
..#.# #### ...$ ...
###... .. #
##.###...#...# #
#.....l.....# #
#@##### #########
#### #.@...#
#........ )..#
#.....#####.#######
...# #...........#
# ... #.....#######
# #+# #.....# #
#.## #.#.###
######## ##.#
#....#######.).....
#.##
#............######
##.# ##...#########


You could see Sigmund and a leopard gecko.

Vanquished Creatures
  A hound (D:2)
  3 gnolls (D:2)
  A worm (D:2)
  3 dart slugs
  2 leopard geckos (D:1)
  7 bats
  A giant cockroach (D:1)
  6 goblins
  5 hobgoblins
  4 jackals (D:1)
  6 frilled lizards
  A kobold (D:1)
  2 rats
42 creatures vanquished.

Notes
Turn   | Place    | Note
-------+----------+-------------------------------------------
     0 | D:1      | ythm the Gargoyle Fighter began the quest for the Orb.
     0 | D:1      | Reached XP level 1. HP: 14/14 MP: 1/1
    62 | D:1      | Reached skill level 2 in Axes
   163 | D:1      | Reached XP level 2. HP: 13/19 MP: 2/2
   365 | D:1      | Reached skill level 3 in Axes
   400 | D:1      | Reached XP level 3. HP: 23/23 MP: 3/3
  1028 | D:2      | Reached XP level 4. HP: 13/28 MP: 4/4
  1342 | D:2      | Reached skill level 4 in Axes
  1541 | D:2      | Found a runed translucent door.
  1542 | D:2      | Noticed Crazy Yiuf
  1664 | D:2      | Noticed Sigmund
  1687 | D:2      | HP: 2/42 [Sigmund/+0 scythe (10)]
  1689 | D:2      | Killed from afar by Sigmund

Illustrated notes

Levels and vault maps discovered:
D:1:      zelgadis_glass_arrival_small, layout_loops_ring, minmay_tromino_v4_b
D:2:      layout_loops_ring, lemuel_crystal_altar, minmay_diced_spiral,
          uniq_jessica, uniq_terence, uniq_crazy_yiuf_cottage, uniq_sigmund

Skill      XL: |  1  2  3  4 |
---------------+-------------+-----
Axes           | 2 3 4 |  4.5
Fighting       | |  3.2
Armour         | |  3.2
Shields        | |  3.2

Action                   |  1- 3 |  4- 6 || total
-------------------------+-------+-------++-------
Melee: War axe           |   126 |    52 ||   178
  Use: Potion            |       |     2 ||     2
 Stab: Sleeping          |       |     1 ||     1
Armor: Scale mail        |    77 |       ||    77
       Ring mail         |     4 |    21 ||    25
Dodge: Dodged            |    54 |    18 ||    72
Block: Kite shield       |    80 |    15 ||    95
